AoeStats
← norf182

Arabia

506694401Analyzed
2v2 RM · 18d ago on Sep 14, 2026· 53m 14s· 4 players
Game mode
Random Map
Map size
Medium (4 player)
Population
200
Speed
Normal
Resources
Standard
Victory
Conquest
Starting age
Dark Age
Ending age
Imperial Age
RankedLock teamsTeams togetherTeam positionsShared explorationLock speedFull tech treeHidden civsTurbo modeCheats
Victory
Defeat
🇨🇴 Goths · Colombia
1022
+17
🇨🇭 Mongols · Switzerland
1006
+17
🇪🇸 Ethiopians · Spain
1062
-18
🇪🇸 Tatars · Spain
1005
-16
norf182
0:42 Loom
10:59 Feudal Age
11:28 Double-Bit Axe
13:15 Man-at-Arms
16:00 Scale Mail Armor
17:18 Forging
24:11 Castle Age
22:55 Fletching
23:45 Horse Collar
24:37 Gold Mining
24:13 Pikeman
24:55 Squires
30:18 Town Watch
31:30 Chain Mail Armor
32:25 Long Swordsman
33:43 Iron Casting
34:26 Bow Saw
39:05 Bodkin Arrow
43:40 Imperial Age
41:13 Heavy Plow
41:34 Fervor
44:00 Anarchy
43:46 Two-Handed Swordsman
45:29 Blast Furnace
45:47 Two-Man Saw
45:33 Wheelbarrow
44:52 Stone Mining
44:46 Champion
46:59 Capped Ram
50:38 Perfusion
kalkuttakutte
6:37 Loom
9:30 Feudal Age
10:28 Double-Bit Axe
13:20 Horse Collar
14:22 Forging
14:22 Scale Barding Armor
20:14 Castle Age
18:40 Gold Mining
20:32 Bloodlines
22:54 Heavy Plow
30:03 Gold Shaft Mining
30:41 Husbandry
31:11 Stone Mining
31:56 Ballistics
32:48 Fletching
34:42 Bodkin Arrow
39:14 Imperial Age
37:04 Padded Archer Armor
39:29 Thumb Ring
39:25 Elite Mangudai
41:41 Chemistry
41:18 Bracer
42:27 Parthian Tactics
42:35 Light Cavalry
42:39 Cavalier
46:18 Leather Archer Armor
45:25 Light Cavalry
46:39 Conscription
51:26 Hussar
53:51 Caravan
Mr.J
3:23 Loom
12:44 Feudal Age
16:57 Castle Age
14:58 Double-Bit Axe
17:33 Town Watch
23:07 Bloodlines
23:43 Scale Barding Armor
25:24 Pikeman
27:14 Forging
28:03 Stone Mining
27:59 Horse Collar
29:03 Scale Mail Armor
31:47 Iron Casting
34:19 Chain Barding Armor
37:00 Wheelbarrow
36:47 Heavy Plow
40:13 Imperial Age
37:28 Elite Skirmisher
38:01 Fletching
38:12 Padded Archer Armor
40:01 Leather Archer Armor
40:07 Husbandry
42:09 Chemistry
41:05 Light Cavalry
41:07 Heavy Camel Rider
44:29 Ballistics
44:05 Murder Holes
46:49 Ring Archer Armor
46:14 Bodkin Arrow
47:27 Plate Barding Armor
49:39 Halberdier
52:49 Hussar
Mr.A_master
2:16 Loom
10:38 Feudal Age
25:57 Double-Bit Axe
26:01 Horse Collar
28:23 Castle Age
26:33 Gold Mining
27:22 Stone Mining
27:41 Fletching
28:01 Forging
28:37 Wheelbarrow
29:25 Bow Saw
29:33 Heavy Plow
29:44 Squires
29:13 Crossbowman
31:06 Thumb Ring
31:30 Padded Archer Armor
31:31 Scale Mail Armor
34:13 Gold Shaft Mining
40:43 Imperial Age
37:45 Man-at-Arms
38:38 Long Swordsman
41:16 Iron Casting
42:01 Chain Mail Armor
42:11 Arson
41:51 Two-Handed Swordsman
47:18 Blast Furnace
46:49 Plate Mail Armor
48:45 Elite Skirmisher
Connection lost

Rejoining the realm…

Still unreachable

The connection could not be restored.

Session expired

The server has moved on; the page needs a fresh start.